 Dungeon Crawl Stone Soup version 0.28.0-43-g3370ac3207 (webtiles) character file.

Game seed: 14176833433062372633

1661 Eitelfritz the Cleaver (level 9, -15/75 HPs)
             Began as a Hill Orc Fighter on Mar 4, 2022.
             Was a Follower of Okawaru.
             Demolished by a two-headed ogre
             ... wielding a +0 giant spiked club
              (22 damage)
             ... on level 5 of the Dungeon.
             The game lasted 00:11:32 (5537 turns).

Eitelfritz the Cleaver (Hill Orc Fighter)           Turns: 5537, Time: 00:11:33

Health: -15/75     AC:  7    Str: 23    XL:     9   Next: 0%
Magic:  11/11      EV: 10    Int:  8    God:    Okawaru [*.....]
Gold:   204        SH: 10    Dex: 10    Spells: 8/8 levels left

rFire   + . .      SeeInvis .   a - +1 war axe (vorpal)
rCold   + . .      Faith    .   c - +0 buckler
rNeg    . . .      Spirit   .   s - +0 scale mail {rF+}
rPois   .          Reflect  +   (no helmet)
rElec   .          Harm     .   (no cloak)
rCorr   +          Rampage  .   (no gloves)
Will    .....                   (no boots)
Stlth   ..........              v - amulet of reflection
HPRegen 0.22/turn               k - ring of resist corrosion
MPRegen 0.12/turn               m - ring of protection from cold

@: mighty
A: no striking features
a: Renounce Religion, Heroism


You were on level 5 of the Dungeon.
You worshipped Okawaru.
Okawaru was aware of your devotion.
You visited 2 branches of the dungeon, and saw 6 of its levels.

You collected 347 gold pieces.
You spent 143 gold pieces at shops.

Inventory:

Hand Weapons
 a - a +1 vorpal war axe (weapon)
 r - a +0 flail
Missiles
 g - 7 poisoned darts (quivered)
 z - 5 boomerangs
Armour
 c - a +0 buckler (worn)
 j - a +0 plate armour
 s - a +0 scale mail of fire resistance (worn)
 y - the +1 leather armour of the Comet {rC+ rCorr Stlth+}
   (You found it on level 3 of the Dungeon)

   rC:        It protects you from cold.
   rCorr:     It protects you from acid and corrosion.
   Stlth:     It makes you more stealthy.
Jewellery
 h - an amulet of regeneration
 k - a ring of resist corrosion (left hand)
 m - a ring of protection from cold (right hand)
 p - a ring of see invisible
 v - an amulet of reflection (around neck)
 x - a ring of ice
Wands
 b - a wand of flame (15)
 e - a wand of mindburst (21)
 w - a wand of digging (10)
Scrolls
 q - a scroll of identify
 u - a scroll of fog
Potions
 f - 4 potions of curing
 i - a potion of berserk rage
 l - 3 potions of lignification
 n - a potion of ambrosia {unknown}
 o - a potion of haste {unknown}
 t - a potion of mutation {unknown}


   Skills:
 + Level 6.3 Fighting
 + Level 9.2 Axes
 + Level 0.5 Throwing
 + Level 6.6 Armour
 + Level 1.4 Dodging
 + Level 0.1 Stealth
 + Level 5.4 Shields
 * Level 3.7 Invocations


You had 8 spell levels left.
You didn't know any spells.
Your spell library contained the following spells:

 Spells                   Type           Power      Damage    Failure   Level
 Sandblast                Erth           0%         2d4       78%         1
 Sting                    Tmut/Pois      0%         1d3       78%         1
 Corpse Rot               Necr/Air       0%         N/A       89%         2
 Passwall                 Tmut/Erth      0%         N/A       89%         2
 Poisonous Vapours        Pois/Air       0%         N/A       89%         2
 Stone Arrow              Conj/Erth      0%         3d7       98%         3
 Olgreb's Toxic Radiance  Pois           0%         N/A       100%        4


Dungeon Overview and Level Annotations

Branches:
Dungeon (5/15)             Temple (1/1) D:4

Altars:
Ashenzari
Cheibriados
Dithmenos
Fedhas
Gozag
Kikubaaqudgha
Nemelex Xobeh
Okawaru
Qazlal
Ru
Sif Muna
Trog
Uskayaw
Vehumet
Xom
Zin
The Shining One

Shops:
D:5 [


Message History

You slash the phantom!
The phantom is severely damaged.
The phantom hits you.
You completely miss the phantom.
The phantom is severely damaged.
You block the phantom's attack.
You hit the phantom.
You destroy the phantom!
Okawaru accepts your kill.
Your Axes skill increases to level 9!
A necrophage is nearby!
You slash the necrophage!
The necrophage is moderately damaged.
The necrophage closely misses you.
You slice the necrophage!!
You destroy the necrophage!
Okawaru accepts your kill.
You have reached level 9!
Your experience leads to an increase in your attributes!
Increase (S)trength, (I)ntelligence, or (D)exterity?
You feel stronger. x2
You see here a necrophage corpse.
You slash the two-headed ogre!
The two-headed ogre is lightly wounded.
The two-headed ogre hits you with a +0 giant spiked club!!
The two-headed ogre barely misses you.
You feel very mighty all of a sudden.
The two-headed ogre hits you with a +0 giant spiked club!!
The two-headed ogre hits you with a +0 giant club!
* * * LOW HITPOINT WARNING * * *
You slash the two-headed ogre!
The two-headed ogre is heavily wounded.
The two-headed ogre hits you with a +0 giant spiked club.
* * * LOW HITPOINT WARNING * * *
The two-headed ogre hits you with a +0 giant club.
* * * LOW HITPOINT WARNING * * *
You hit the two-headed ogre.
The two-headed ogre is severely wounded.
The two-headed ogre hits you with a +0 giant spiked club!!
You die...

.....#......#.####..#.88.#
######......#.# #..'....#
............#.# #########
..#####.....#.####...†## .##
########....####.# .# #########.#
.# #?$##..##.# .#
#$O##..##.#.....# .#
##########@.##..##.....#
.######........#..##..#......#
....<..........########......#
#............................####
#................................
#..#.#.#.........................
#...........................)....
#..#.#.#.....................####
#.................#..........#


You could see a two-headed ogre.

Vanquished Creatures
  Sigmund (D:5)
  Edmund (D:5)
  The ghost of RepoMan the Cutter, an amateur TeBe of Trog (D:3)
  An orc warrior (D:4)
  A necrophage (D:5)
  4 ogres
  A phantom (D:5)
  A scorpion (D:5)
  2 water moccasin skeletons
  A howler monkey (D:4)
  A jelly (D:5)
  2 vampire bats (D:3)
  A hound (D:4)
  A centaur skeleton (D:5)
  An iguana (D:5)
  A scorpion zombie (D:5)
  A hound skeleton (D:4)
  8 gnolls
  9 adders
  2 worms
  8 dart slugs
  6 orcs
  7 ball pythons
  A bat skeleton (D:3)
  3 bat zombies (D:3)
  6 endoplasms
  3 giant cockroaches
  9 goblins
  5 hobgoblins
  4 quokkas
  3 bats
  2 frilled lizards
  7 kobolds
  5 rats
110 creatures vanquished.

Vanquished Creatures (others)
  2 plants (D:2)
2 creatures vanquished.

Grand Total: 112 creatures vanquished

Notes
Turn   | Place    | Note
-------+----------+-------------------------------------------
     0 | D:1      | Eitelfritz the Hill Orc Fighter began the quest for the
                  | Orb.
     0 | D:1      | Reached XP level 1. HP: 19/19 MP: 1/1
   191 | D:1      | Reached XP level 2. HP: 27/27 MP: 2/2
   218 | D:1      | Reached skill level 3 in Axes
   421 | D:1      | Reached XP level 3. HP: 33/33 MP: 3/3
  1126 | D:2      | Found a faded altar of an unknown god.
  1170 | D:2      | Reached skill level 4 in Axes
  1170 | D:2      | Reached XP level 4. HP: 38/40 MP: 4/4
  1778 | D:3      | Reached XP level 5. HP: 45/47 MP: 5/5
  1904 | D:3      | Found an ancient bone altar of Kikubaaqudgha.
  1924 | D:3      | Reached skill level 5 in Axes
  1963 | D:3      | Found a radiant altar of Vehumet.
  2137 | D:3      | Identified the +1 leather armour of the Comet {rC+ rCorr
                  | Stlth+}
  2204 | D:3      | Found a runed translucent door.
  2392 | D:3      | Reached XP level 6. HP: 53/53 MP: 6/6
  2465 | D:3      | Found a broken altar of Ashenzari.
  2527 | D:3      | Noticed RepoMan's ghost (amateur TeBe)
  2927 | D:4      | Reached skill level 5 in Fighting
  2927 | D:4      | Reached skill level 1 in Dodging
  3163 | D:4      | Reached skill level 6 in Axes
  3164 | D:4      | Reached skill level 5 in Armour
  3167 | D:4      | Reached XP level 7. HP: 44/61 MP: 7/7
  3435 | D:4      | Found a staircase to the Ecumenical Temple.
  3448 | Temple   | Entered the Ecumenical Temple
  3865 | D:4      | Reached skill level 7 in Axes
  4455 | Temple   | Became a worshipper of Warmaster Okawaru
  4534 | D:3      | Killed RepoMan's ghost
  4535 | D:3      | Reached skill level 1 in Invocations
  4535 | D:3      | Reached XP level 8. HP: 55/69 MP: 8/8
  4585 | D:5      | Entered Level 5 of the Dungeon
  4585 | D:5      | Found an opulent altar of Gozag.
  4632 | D:5      | Found a glowing silver altar of Zin.
  4706 | D:5      | Found a glowing golden altar of the Shining One.
  4880 | D:5      | Found a shadowy altar of Dithmenos.
  4900 | D:5      | Reached skill level 8 in Axes
  4942 | D:5      | Found Lien's Armour Shop.
  4955 | D:5      | Bought a +0 scale mail of fire resistance for 143 gold
                  | pieces
  4982 | D:5      | Noticed Sigmund
  5016 | D:5      | Killed Sigmund
  5017 | D:5      | Reached skill level 5 in Shields
  5193 | D:5      | Reached * piety under Okawaru
  5336 | D:5      | Found a bloodstained altar of Trog.
  5364 | D:5      | Noticed Edmund
  5373 | D:5      | Killed Edmund
  5487 | D:5      | Noticed a two-headed ogre
  5504 | D:5      | Reached skill level 9 in Axes
  5519 | D:5      | Reached XP level 9. HP: 75/75 MP: 11/11
  5537 | D:5      | Demolished by a two-headed ogre

Illustrated notes

Levels and vault maps discovered:
D:1:      scummos_arrival_gate, layout_basic, minmay_pentomino_z4
D:2:      layout_basic, shapermc_ecumenical_altar_starsandcircs,
          serial_bayou_pond_c
D:3:      layout_loops_ring, kennysheep_vampire_church, lemuel_doored_altar,
          nicolae_vehumet_radiance, ebering_ghost_sewer_d
D:4:      layout_loops_cross, minmay_temple_entry_junction, minmay_bisected
D:5:      minmay_chambers_of_fours, layout_gridville, grunt_dithmenos_smoke,
          nicolae_gozag_seed_capital, amcnicky_altar_gilded,
          mainiacjoe_overflow_six_doors_small, lemuel_coloured_pillars_altar,
          serial_shops, nicolae_square_shop, serial_co_window_serial,
          co_window_of_opportunity_a, co_window_of_opportunity_a,
          co_window_paths_a, co_window_paths_a, co_window_paths_b,
          co_window_of_opportunity_a, co_window_corner_a, co_window_broadway_b,
          co_window_broadway_b, co_window_unsneaky_path_d, glass_columns_b,
          glass_columns_c, uniq_edmund, uniq_sigmund
Temple:   compressed_dpeg_triangle_lava_temple

Skill      XL: |  1  2  3  4  5  6  7  8 |
---------------+-------------------------+-----
Axes           | 3 4 5 6 7 9 |  9.2
Fighting       | 4 5 6 |  6.3
Armour         | 4 5 6 |  6.6
Shields        | 4 5 |  5.4
Dodging        | 1 |  1.4
Invocations    | 1 3 |  3.7
Throwing       | |  0.5
Stealth        | |  0.1

Action                   |  1- 3 |  4- 6 |  7- 9 || total
-------------------------+-------+-------+-------++-------
Melee: War axe           |    82 |   141 |   108 ||   331
Throw: Dart              |       |       |     4 ||     4
  Use: Scroll            |       |    11 |     1 ||    12
       Potion            |       |       |     1 ||     1
Armor: Scale mail        |    32 |    70 |    21 ||   123
Dodge: Dodged            |    35 |    84 |    41 ||   160
Block: Buckler           |    27 |    49 |    54 ||   130
       Reflection        |       |     2 |     5 ||     7
